 Dungeon Crawl Stone Soup version 0.28-a0-973-ga7f8b01127 (webtiles) character file.

Game seed: 3944298210053839640

86 ytrimaz the Shield-Bearer (level 4, -1/37 HPs)
             Began as a Formicid Fighter on Dec 1, 2021.
             Slain by an ice beast (3 damage)
             ... on level 3 of the Dungeon.
             The game lasted 00:02:40 (2095 turns).

ytrimaz the Shield-Bearer (Formicid Fighter)        Turns: 2095, Time: 00:02:40

Health: -1/37      AC:  8    Str: 23    XL:     4   Next: 77%
Magic:  4/4        EV:  9    Int:  7    God:
Gold:   78         SH:  4    Dex: 10    Spells: 3/3 levels left

rFire   . . .      SeeInvis +   a - +0 war axe
rCold   . . .      Faith    .   c - +0 buckler
rNeg    . . .      Spirit   .   b - +1 scale mail
rPois   .          Reflect  .   (helmet unavailable)
rElec   .          Harm     .   (no cloak)
rCorr   .          Rampage  .   (no gloves)
Will    .....                   (no boots)
Stlth   ..........              (no amulet)
HPRegen 0.12/turn               (no ring)
MPRegen 0.09/turn               (no ring)

@: no status effects
A: permanent stasis, dig shafts and tunnels, antennae 3, four strong arms
a: Dig, Shaft Self


You were on level 3 of the Dungeon.
You visited 1 branch of the dungeon, and saw 3 of its levels.

You collected 78 gold pieces.

Inventory:

Hand Weapons
 a - a +0 war axe (weapon)
Missiles
 g - 5 boomerangs (quivered)
Armour
 b - a +1 scale mail (worn)
 c - a +0 buckler (worn)
Scrolls
 h - 2 scrolls of enchant armour
Potions
 d - a potion of might
 e - 2 potions of degeneration {unknown}
 f - 2 potions of heal wounds {unknown}


   Skills:
 * Level 4.0 Fighting
 + Level 2.6 Axes
 * Level 0.3 Throwing
 * Level 4.1 Armour
 * Level 4.2 Shields


You had 3 spell levels left.
You didn't know any spells.
Your spell library was empty.

Dungeon Overview and Level Annotations

Branches:
Dungeon (3/15)

Altars:
Dithmenos

Shops:
D:1 (   D:2 [


Innate Abilities, Weirdness & Mutations

You cannot be hasted, slowed, berserked, paralysed or teleported.
You can dig through walls and to a lower floor.
You have a pair of large antennae on your head. (SInv)
Your four strong arms can wield two-handed weapons with a shield.


Message History

No target in view!
You see here a rat corpse.
You sense a monster nearby.
A kobold comes into view. It is wielding a +0 whip.
The kobold shouts!
A kobold is nearby!
The kobold barely misses you.
You barely miss the kobold. The kobold completely misses you.
You slash the kobold!
You kill the kobold!
No target in view!
No target in view!
No target in view!
No target in view!
Things that are here:
a +0 whip; a kobold corpse An ice beast comes into view.
An ice beast is nearby!
An ice beast is nearby!
The ice beast hits you but does no damage.
The ice beast misses you.
The ice beast hits you but does no damage.
You slash the ice beast!
The ice beast is heavily wounded.
The ice beast hits you but does no damage.
You hit the ice beast.
The ice beast is severely wounded.
The ice beast hits you. The ice beast freezes you!
You barely miss the ice beast.
The ice beast is severely wounded.
The ice beast hits you. The ice beast freezes you! The ice beast hits you.
The ice beast freezes you!
* * * LOW HITPOINT WARNING * * *
You closely miss the ice beast.
The ice beast is severely wounded.
The ice beast hits you but does no damage.
You hit the ice beast.
The ice beast is almost dead.
The ice beast hits you.
You die...

### # ###.. {## # .#
#.... ##.#.###.#
#.... .Y.##...#
#.... ..##.#.# #....
#.##.#.# #...#
#.##@#.# #.###
#..Y...#### #.#
#.........# #.#
#.###..##.# #.# #.#
#..##.# #.# ###
#..##.# #.#
.#####..##.# #.#
........)..#######.#
.#####.............#


You could see an ice beast.

Vanquished Creatures
  Robin (D:2)
  4 adders (D:2)
  3 endoplasms
  7 goblins
  3 hobgoblins
  4 kobolds
  2 quokkas
  2 ball pythons (D:1)
  10 bats
  2 frilled lizards (D:1)
  2 rats
40 creatures vanquished.

Notes
Turn   | Place    | Note
-------+----------+-------------------------------------------
     0 | D:1      | ytrimaz the Formicid Fighter began the quest for the Orb.
     0 | D:1      | Reached XP level 1. HP: 18/18 MP: 1/1
   213 | D:1      | Reached XP level 2. HP: 22/24 MP: 2/2
   505 | D:1      | Found Wehauw's Antique Weapon Emporium.
   579 | D:1      | Found a shadowy altar of Dithmenos.
   639 | D:2      | Reached XP level 3. HP: 22/30 MP: 3/3
   749 | D:2      | Noticed Robin
   756 | D:2      | Killed Robin
   877 | D:2      | Reached XP level 4. HP: 31/37 MP: 4/4
  1017 | D:2      | Found Rugoamof's Armour Boutique.
  2081 | D:3      | Noticed an ice beast
  2095 | D:3      | Slain by an ice beast

Illustrated notes

Levels and vault maps discovered:
D:1:      shiori_arrival_oz, layout_basic, serial_shops, shop_statue,
          kennysheep_flooded_box
D:2:      layout_loops_ring, serial_shops, shop, minmay_puff, uniq_robin
D:3:      minmay_inner_zag, layout_basic, lemuel_round_altar,
          grunt_gozag_breadcrumbs, serial_shops, shop,
          nicolae_elevator_lobby_asterisk, uniq_crazy_yiuf_cottage

Skill      XL: |  1  2  3  4 |
---------------+-------------+-----
Shields        | 4 |  4.2
Armour         | 4 |  4.1
Fighting       | 4 |  4.0
Axes           | |  2.6
Throwing       | |  0.3

Action                   |  1- 3 |  4- 6 || total
-------------------------+-------+-------++-------
Melee: War axe           |    75 |    72 ||   147
 Abil: Dig               |     1 |     2 ||     3
  Use: Scroll            |     2 |     2 ||     4
Armor: Scale mail        |    54 |    59 ||   113
Dodge: Dodged            |    52 |    41 ||    93
Block: Buckler           |    18 |    12 ||    30

Table legend: (Time is in decaauts)
 A = Elapsed time spent in this place.
 B = Non-inter-level travel time spent in this place.
 C = Inter-level travel time spent in this place.
 D = Time resting spent in this place.
 E = Time spent auto-exploring this place.
 F = Levels seen in this place.
 G = Mean time per level.
                   A        B        C        D        E       F      G
               +--------+--------+--------+--------+--------+-----+--------+
         Total |   2152 |   2063 |     89 |    127 |   1524 |   3 |  717.3 |
       Dungeon |   2152 |   2063 |     89 |    127 |   1524 |   3 |  717.3 |
               +--------+--------+--------+--------+--------+-----+--------+

Top non-repeatable levels by time:
     D:2: 1421 daAuts
     D:1: 651 daAuts
     D:3: 79 daAuts
